 Dungeon Crawl Stone Soup version 0.16-a0-1196-ged0958e (webtiles) character file.

577 RobertPalmer the Cudgeler (level 7, -2/41 HPs)
             Began as an Octopode Ice Elementalist on Oct 11, 2014.
             Killed from afar by a decayed bog body (3 damage)
             ... with a puff of frost
             ... in an ossuary.
             The game lasted 00:08:00 (4083 turns).

RobertPalmer the Cudgeler (OpIE)                    Turns: 4083, Time: 00:08:00

Health: -2/41      AC:  1    Str:  8    XL:     7   Next: 35%
Magic:  10/12      EV: 13    Int: 18    God:
Gold:   202        SH:  0    Dex: 13    Spells: 2 memorised, 6 levels left

rFire  x . .     SeeInvis .     a - +1 morningstar (flame) (curse)
rCold  + . .     Clarity  .     (no shield)
rNeg   . . .     SustAb   .     (helmet restricted)
rPois  +         Gourm    .     (no amulet)
rElec  .         Spirit   .     f - cursed ring of poison resistance
rCorr  .         Warding  .     g - cursed ring of ice
rMut   .         Stasis   .     m - cursed ring of protection from magic
MR     +....                    (no ring)
Stlth  +++.......               (no ring)
                                (no ring)
                                (no ring)
                                (no ring)

@: very slightly contaminated, slowed, very slow, somewhat resistant to hostile
enchantments, fairly stealthy
A: almost no armour, amphibious, 8 rings, constrict 8, camouflage 1, gelatinous
body 1
a: no special abilities


You were in an ossuary.
You were not hungry.

You visited 1 branch of the dungeon, and saw 4 of its levels.
You also visited: Ossuary.

You collected 202 gold pieces.


Innate Abilities, Weirdness & Mutations

You cannot wear most types of armour.
You are amphibious.
You can wear up to eight rings at the same time.
You can use your tentacles to constrict many enemies at once.
Your skin changes colour to match your surroundings (Stealth).
Your rubbery body absorbs attacks (AC +1).


   Skills:
 + Level 6.8 Maces & Flails
 - Level 3.7 Dodging
 - Level 2.6 Stealth
 - Level 2.0 Spellcasting
   Level 1.0 Conjurations
 - Level 3.0 Ice Magic


You had 6 spell levels left.
You knew the following spells:

 Your Spells              Type           Power        Failure   Level  Hunger
a - Ozocubu's Armour      Chrm/Ice       ##......     30%         3    ####...
z - Freeze                Ice            ###.         6%          1    #......

Inventory:

Hand weapons
 a - a cursed +1 morningstar of flaming (weapon)
Missiles
 i - 6 poisoned needles
Scrolls
 h - a scroll of teleportation
Jewellery
 f - a cursed ring of poison resistance (left tentacle)
 g - a cursed ring of ice (right tentacle)
 k - a cursed ring of protection from fire {unknown}
 m - a cursed ring of protection from magic (on tentacle)
Potions
 d - a potion of beneficial mutation {unknown}
 l - a potion of agility {unknown}
Books
 b - a book of Frost

Dungeon Overview and Level Annotations

Branches:
Dungeon (4/15)
 Temple: D:4-7

Altars:
Ashenzari

#.#.# #.≈ ###'#'#'#n#
≈.####n≈ #.'.....≈≈M≈
≈≈.P#≈≈≈≈ ###.#
#≈≈#≈≈≈# #.'.# #≈≈.≈≈
###.# ### #≈#≈#≈#
#.'.# #.# #≈≈.≈#
###.#####≈#####≈#≈###
#.'≈≈≈≈.§≈§≈≈@n≈≈.≈≈#
###≈#####≈#####≈##≈##
#.'.#..∩#.# #≈.P #
###.#.∩.### #≈≈≈#
#.%.#...# #≈..≈≈
###.##%##≈##n##≈#≈#≈≈
#.'.....≈≈.≈.≈≈.ZP≈≈
###'#'#+#≈≈.#.≈.###
#.#.# ≈n≈. .


You could see a decayed bog body.


Message History

The decayed bog body casts a spell at you.
You feel yourself slow down.
You miscast Ozocubu's Armour.
You are very lightly contaminated with residual magic.
Your tentacles feel numb with cold.
You closely miss the decayed bog body. You grab the decayed bog body.
You constrict the decayed bog body.
The decayed bog body gestures wildly while chanting.
You smell decay.
The decayed bog body hits you! The decayed bog body barely misses you.
The decayed bog body mumbles some strange words.
You smell decay.
You puncture the decayed bog body! You burn the decayed bog body.
The decayed bog body is heavily damaged.
You constrict the decayed bog body. The decayed bog body misses you.
The decayed bog body barely misses you. The decayed bog body hits you.
The decayed bog body touches you.
* * * LOW HITPOINT WARNING * * *
The decayed bog body freezes you. You resist.
* * * LOW HITPOINT WARNING * * *
You puncture the decayed bog body!
You destroy the decayed bog body!
You sock the decayed bog body! You burn the decayed bog body.
The decayed bog body is severely damaged.
The decayed bog body hits you!
* * * LOW HITPOINT WARNING * * *
The decayed bog body barely misses you.
The decayed bog body points at you and mumbles some strange words.
The puff of frost hits you! You resist.
You die...

Action                   |  1- 3 |  4- 6 |  7- 9 || total
-------------------------+-------+-------+-------++-------
Melee: Unarmed           |    96 |       |       ||    96
       Morningstar       |    20 |   149 |    21 ||   190
 Cast: Freeze            |    11 |     9 |       ||    20
       Ozocubu's Armour  |       |     7 |     1 ||     8
  Use: Scroll            |       |     7 |       ||     7
       Potion            |       |     1 |       ||     1
 Stab: Sleeping          |    10 |     7 |       ||    17
       Distracted        |       |     1 |       ||     1
  Eat: Chunk             |     2 |     8 |       ||    10
       Bread ration      |       |       |     1 ||     1

Vault maps used:
D:1:      dpeg_arrival_simpleton_b
D:2:      grunt_decor_arrowhead
D:3:      ashenzari_altar_1
D:4:      nicolae_overflow_quartered_altars, enter_ossuary_1, fedhas_altar_4,
          uniq_eustachio
Ossuary:  ossuary_zaba_flooded

Notes
Turn   | Place    | Note
--------------------------------------------------------------
     0 | D:1      | RobertPalmer, the Octopode Ice Elementalist, began the quest for the Orb.
     0 | D:1      | Reached XP level 1. HP: 11/11 MP: 3/3
    86 | D:1      | Reached XP level 2. HP: 12/17 MP: 4/4
   213 | D:1      | Reached skill level 3 in Dodging
   714 | D:1      | Reached XP level 3. HP: 19/21 MP: 6/6
  1237 | D:2      | Learned a level 3 spell: Ozocubu's Armour
  1392 | D:2      | Reached skill level 1 in Maces & Flails
  1488 | D:2      | Reached XP level 4. HP: 19/27 MP: 1/7
  1815 | D:2      | Reached skill level 2 in Maces & Flails
  2408 | D:3      | Found a shattered altar of Ashenzari.
  2652 | D:3      | Reached skill level 3 in Maces & Flails
  2652 | D:3      | Reached XP level 5. HP: 21/31 MP: 3/9
  3030 | D:4      | Noticed an ogre
  3270 | D:4      | Reached skill level 4 in Maces & Flails
  3403 | D:4      | Reached XP level 6. HP: 25/36 MP: 6/10
  3404 | D:4      | Found a sand-covered staircase.
  3428 | Ossuary  | Entered an ossuary
  3509 | Ossuary  | Reached skill level 5 in Maces & Flails
  3993 | Ossuary  | Reached skill level 6 in Maces & Flails
  3993 | Ossuary  | Reached XP level 7. HP: 33/41 MP: 9/12
  4083 | Ossuary  | HP: 1/41 [decayed bog body (16)]
  4083 | Ossuary  | Killed from afar by a decayed bog body

Vanquished Creatures
  5 bog bodies (Ossuary)
  A hound (D:4)
  A worker ant (D:4)
  An iguana (D:4)
  A killer bee zombie (Ossuary)
  An ogre zombie (Ossuary)
  A hound zombie (Ossuary)
  5 mummies (Ossuary)
  2 worker ant zombies (Ossuary)
  5 adders
  A giant mite (D:2)
  2 worms (D:2)
  2 adder zombies (Ossuary)
  An iguana zombie (Ossuary)
  A giant gecko (D:1)
  4 orcs (D:4)
  4 ball pythons
  18 bats
  A bat zombie (Ossuary)
  8 giant cockroaches
  11 hobgoblins
  7 jackals (D:4)
  6 kobolds
  2 quokkas (D:3)
  4 giant newts
  8 goblins
  A kobold zombie (Ossuary)
  2 orc zombies (Ossuary)
  9 rats
  A rat zombie (Ossuary)
116 creatures vanquished.

Vanquished Creatures (others)
  4 plants (Ossuary)
4 creatures vanquished.

Grand Total: 120 creatures vanquished
